 Dungeon Crawl Stone Soup version 0.31-a0-841-g038b102fc3 (webtiles) character file.

Game seed: 13832325093551819256

44 mfarn1127 the Digger (level 3, -4/19 HPs)
             Began as a Gargoyle Earth Elementalist on Sept 27, 2023.
             Slain by Sigmund
             ... wielding a +0 scythe
              (5 damage)
             ... on level 2 of the Dungeon.
             The game lasted 00:04:44 (2330 turns).

mfarn1127 the Digger (Gargoyle Earth Elementalist)  Turns: 2330, Time: 00:04:44

Health: -4/19      AC:  5    Str: 11    XL:     3   Next: 62%
Magic:  5/7        EV: 12    Int: 17    God:
Gold:   34         SH:  0    Dex: 10    Spells: 1/7 levels left

rFire   . . .        o - +1 whip (holy)
rCold   . . .        (no shield)
rNeg    + . .        a - +0 robe
rPois   ∞            (helmet restricted)
rElec   +            (no cloak)
rCorr   .            (no gloves)
SInv    .            (no boots)
Will    .....        (no amulet)
Stlth   ++           (no ring)
HPRegen 0.23/turn    (no ring)
MPRegen 0.10/turn

%: no passive effects
@: no status effects
A: sickness immunity, AC +3, negative energy resistance 1, electricity
resistance, torment resistance 1, petrification resistance, horns 1, evolution 1
a: no special abilities


You were on level 2 of the Dungeon.
You visited 1 branch of the dungeon, and saw 2 of its levels.

You collected 34 gold pieces.

Inventory:

Hand Weapons
 d - a +0 dagger
 o - a +1 whip of holy wrath (weapon)
Missiles
 f - 3 curare-tipped darts
Armour
 a - a +0 robe (worn)
 j - a +0 helmet
Scrolls
 c - 7 scrolls of identify {unknown}
 e - 3 scrolls of teleportation {unknown}
 g - a scroll of acquirement {unknown}
 h - a scroll of enchant armour {unknown}
 k - a scroll of poison {unknown}
 m - a scroll of fog {unknown}
Potions
 n - a potion of degeneration {unknown}


   Skills:
 - Level 1.6 Dodging
 - Level 2.3 Stealth
 + Level 2.9 Spellcasting
 - Level 0.7 Transmutations
 + Level 4.5 Earth Magic


You had one spell level left.
You knew the following spells:

 Your Spells              Type           Power      Damage    Failure   Level
a - Sandblast             Erth           34%        2d9       2%          1
b - Passwall              Tmut/Erth      9%         N/A       9%          2
c - Stone Arrow           Conj/Erth      20%        3d8       22%         3

Your spell library contained the following spells:

 Spells                   Type           Power      Damage    Failure   Level
 Slow                     Hex            8%         N/A       19%         1
 Confusing Touch          Hex            2%         N/A       47%         3
 Sigil of Binding         Hex            2%         N/A       47%         3
 Vampiric Draining        Necr           2%         2d6       47%         3
 Petrify                  Tmut/Erth      11%        N/A       52%         4
 Brom's Barrelling Bould  Conj/Erth      10%        2d3       56%         4


Dungeon Overview and Level Annotations

Branches:
Dungeon (2/15)

Altars:

Annotations:
D:2 Sigmund


Innate Abilities, Weirdness & Mutations

You are immune to sickness and miasma.
Your stone body is resilient. (AC +3)
You are immune to poison.
You resist negative energy. (rN+)
You are resistant to electric shocks. (rElec)
You are resistant to unholy torment.
You are immune to petrification.
You have a pair of small horns on your head.
You have hidden genetic potential.


Message History

You hear some strange, mumbled words.
You are confused.
It was a potion of curing.
You feel better. Something hits you.
Casting: Sandblast (safe; 2% risk of failure)
Confirm with . or Enter, or press ? or * to list all spells.
Aiming: Sandblast (safe; 2% risk of failure)
Press: ? - help, Shift-Dir - straight line, f - goblin
Aim: a goblin, wielding a +0 club (77% to hit)
The blast of sand hits something.
Something hits you!
* * * LOW HITPOINT WARNING * * *
Unknown command.
Magic courses through your body.
Casting: Sandblast (safe; 2% risk of failure)
Confirm with . or Enter, or press ? or * to list all spells.
Aiming: Sandblast (safe; 2% risk of failure)
Press: ? - help, Shift-Dir - straight line, f/p - goblin
Aim: a goblin, wielding a +0 club (77% to hit)
The blast of sand hits the goblin.
The goblin is almost dead.
Something hits you.
* * * LOW HITPOINT WARNING * * *
Casting: Sandblast (safe; 2% risk of failure)
Confirm with . or Enter, or press ? or * to list all spells.
Aiming: Sandblast (safe; 2% risk of failure)
Press: ? - help, Shift-Dir - straight line, f/p - goblin
Aim: a goblin, wielding a +0 club (almost dead, 77% to hit)
The blast of sand hits the goblin!
You kill the goblin!
Something hits you.
* * * LOW HITPOINT WARNING * * *
Casting: Sandblast (safe; 2% risk of failure)
Confirm with . or Enter, or press ? or * to list all spells.
You can't see any susceptible monsters within range! (Use Z to cast anyway.) Unknown command.
Casting: Sandblast (safe; 2% risk of failure)
Confirm with . or Enter, or press ? or * to list all spells.
Aiming: Sandblast (safe; 2% risk of failure)
Press: ? - help, Shift-Dir - straight line The blast of sand hits something.
Something hits you.
You die...

#. #...@##....# #.
#....##...## #..
#....##...# #..
#....##...#
##.#.g#####
#<...##...#
....K.....#
##...##...# #..#.#
#...#
##K#.####...#
#.#.@.{)...#
#.)######'##
##.######.#######
#...g..........#
#...##K........#
#.#.##.#.......#
...#.#############
#####.# ###...##
#.# ##......#


There were no monsters in sight!

Vanquished Creatures
  2 worms (D:2)
  3 dart slugs
  3 endoplasms (D:1)
  2 giant cockroaches
  3 goblins
  A hobgoblin (D:1)
  3 jackals (D:1)
  2 quokkas
  2 ball pythons (D:1)
  3 bats (D:1)
  2 frilled lizards (D:1)
  3 kobolds (D:2)
  4 rats
33 creatures vanquished.

Notes
Turn   | Place    | Note
-------+----------+-------------------------------------------
     0 | D:1      | mfarn1127 the Gargoyle Earth Elementalist began the quest
                  | for the Orb.
     0 | D:1      | Reached XP level 1. HP: 10/10 MP: 3/3
   406 | D:1      | Reached XP level 2. HP: 15/15 MP: 3/5
   551 | D:1      | Reached skill level 4 in Earth Magic
  1139 | D:1      | Reached XP level 3. HP: 19/19 MP: 3/6
  1655 | D:2      | Noticed Sigmund
  1670 | D:1      | Learned a level 2 spell: Passwall
  1674 | D:1      | Learned a level 3 spell: Stone Arrow
  2324 | D:2      | Gained mutation: You have hidden genetic potential. [potion
                  | of mutation]
  2324 | D:2      | Gained mutation: You have a pair of small horns on your
                  | head. [potion of mutation]
  2330 | D:2      | Slain by Sigmund

Illustrated notes

Levels and vault maps discovered:
D:1:      dpeg_arrival_refuge, layout_basic, serial_forest,
          infiniplex_forest_straight_5, infiniplex_forest_end_2,
          infiniplex_forest_straight_2, infiniplex_forest_lined_4_way,
          infiniplex_forest_lined_4_way, infiniplex_forest_lined_4_way,
          infiniplex_forest_clump_diagonal, infiniplex_forest_end_3,
          bh_walls_and_bars
D:2:      layout_basic, serial_curves, eino_curves_04, eino_curves_02,
          kennysheep_cross_room, uniq_sigmund

Skill      XL: |  1  2 |
---------------+-------+-----
Earth Magic    | 4 |  4.5
Dodging        | |  1.6
Stealth        | |  2.3
Spellcasting   | |  2.9
Transmutations | |  0.7

Action                     || total
---------------------------++-------
  Melee: Dagger            ||   181
         Punch             ||     9
         Whip              ||     1
   Cast: Sandblast         ||    50
    Use: Potion            ||     3
 Armour: Robe              ||    23
  Dodge: Dodged            ||     9

Table legend: (Time is in decaauts)
 A = Elapsed time spent in this place.
 B = Non-inter-level travel time spent in this place.
 C = Inter-level travel time spent in this place.
 D = Time resting spent in this place.
 E = Time spent auto-exploring this place.
 F = Levels seen in this place.
 G = Mean time per level.
                   A        B        C        D        E       F      G
               +--------+--------+--------+--------+--------+-----+--------+
         Total |   2353 |   2138 |    215 |    100 |   1587 |   2 | 1176.5 |
       Dungeon |   2353 |   2138 |    215 |    100 |   1587 |   2 | 1176.5 |
               +--------+--------+--------+--------+--------+-----+--------+

Top non-repeatable levels by time:
     D:1: 1820 daAuts
     D:2: 533 daAuts
